 Dungeon Crawl Stone Soup version 0.30-a0-122-g2a1322497e (webtiles) character file.

Game seed: 11350453287058659405

23 greasedhog the Sneak (level 2, -2/15 HPs)
             Began as a Gargoyle Enchanter on Sept 15, 2022.
             Killed from afar by a dart slug (3 damage)
             ... with a slug dart
             ... on level 1 of the Dungeon.
             The game lasted 00:01:22 (837 turns).

greasedhog the Sneak (Gargoyle Enchanter)            Turns: 837, Time: 00:01:23

Health: -2/15      AC:  5    Str: 11    XL:     2   Next: 95%
Magic:  5/5        EV: 11    Int: 15    God:
Gold:   24         SH:  0    Dex: 10    Spells: 5/5 levels left

rFire   . . .      SeeInvis .    a - +1 dagger
rCold   . . .      Faith    .    (no shield)
rNeg    + . .      Spirit   .    d - +0 leather armour
rPois   ∞          Reflect  .    (no helmet)
rElec   +          Harm     .    (no cloak)
rCorr   .          Rampage  .    (no gloves)
Will    .....                    (no boots)
Stlth   ++........               (no amulet)
HPRegen 0.05/turn                (no ring)
MPRegen 0.09/turn                (no ring)

@: no status effects
A: sickness immunity, AC +2, negative energy resistance 1, electricity
resistance, torment resistance 1, petrification resistance
a: no special abilities


You were on level 1 of the Dungeon.
You visited 1 branch of the dungeon, and saw 1 of its levels.

You collected 24 gold pieces.

Inventory:

Hand Weapons
 a - a +1 dagger (weapon)
Armour
 d - a +0 leather armour (worn)
Scrolls
 f - a scroll of poison
 h - a scroll of identify
Potions
 b - a potion of lignification {unknown}
 c - 2 potions of invisibility
 e - a potion of cancellation
 g - a potion of curing {unknown}


   Skills:
 * Level 1.8 Short Blades
 - Level 1.5 Dodging
 * Level 4.0 Stealth
 - Level 2.0 Spellcasting
 - Level 2.6 Hexes


You had 5 spell levels left.
You didn't know any spells.
Your spell library contained the following spells:

 Spells                   Type           Power      Damage    Failure   Level
 Ensorcelled Hibernation  Hex/Ice        10%        N/A       26%         2
 Confusing Touch          Hex            9%         N/A       28%         3
 Tukima's Dance           Hex            9%         N/A       28%         3
 Dazzling Flash           Conj/Hex       10%        N/A       45%         3


Dungeon Overview and Level Annotations

Branches:
Dungeon (1/15)

Altars:


Innate Abilities, Weirdness & Mutations

You are immune to sickness and miasma.
Your stone body is resilient. (AC +2)
You are immune to poison.
You resist negative energy. (rN+)
You are resistant to electric shocks. (rElec)
You are resistant to unholy torment.
You are immune to petrification.


Message History

No target in view!
There is a stone staircase leading down here.
A giant cockroach and a quokka come into view.
Found a helmet, 10 gold pieces and a robe.
There are monsters nearby!
There are monsters nearby!
A hobgoblin comes into view.
Found a hand axe.
The giant cockroach closely misses you.
You closely miss the giant cockroach. Your punch misses the giant cockroach.
The giant cockroach bites you but does no damage.
The quokka bites you but does no damage.
You barely miss the giant cockroach.
The giant cockroach bites you but does no damage.
The quokka bites you.
You hit the giant cockroach but do no damage.
The giant cockroach bites you but does no damage.
The quokka bites you.
You hit the giant cockroach.
The giant cockroach is almost dead.
The hobgoblin shouts!
The giant cockroach bites you. The quokka barely misses you.
You hit the giant cockroach but do no damage.
The giant cockroach is almost dead.
The giant cockroach bites you but does no damage.
The quokka closely misses you.
You hit the giant cockroach.
You kill the giant cockroach!
The quokka completely misses you.
A dart slug comes into view.
You barely miss the quokka. The quokka barely misses you.
You hit the quokka.
The quokka is moderately wounded.
The quokka bites you. The quokka closely misses you.
Unknown command.
The quokka attacks as you move away! The quokka bites you.
* * * LOW HITPOINT WARNING * * *
The dart slug launches a dart at you. The slug dart hits you.
You die...

#.# ##.## ##.#
##...#.#....... .. ...
.... ....#.).#####.
#.########## ##.####....#.
#..........####.......#.#.
.......................
........####..###...##. .
........#.....# #......
....#####.##.#..###......
.^....[.@..#.#..##.....##
.w.$..r....#.#..>........
........g..#.#.##.......#
.).........#.#.##.......+
...........#.#.##.......#
####.......#.#.##........
#..[....# #.#.........
#.......# #.#.####..##
#.#.##.....#


You could see a dart slug, a quokka and a hobgoblin.

Vanquished Creatures
  3 bats (D:1)
  An endoplasm (D:1)
  3 giant cockroaches (D:1)
  3 goblins (D:1)
  3 hobgoblins (D:1)
  A ball python (D:1)
  2 frilled lizards (D:1)
  A kobold (D:1)
  3 rats (D:1)
20 creatures vanquished.

Notes
Turn   | Place    | Note
-------+----------+-------------------------------------------
     0 | D:1      | greasedhog the Gargoyle Enchanter began the quest for the
                  | Orb.
     0 | D:1      | Reached XP level 1. HP: 10/10 MP: 3/3
    27 | D:1      | Reached skill level 1 in Short Blades
   198 | D:1      | Reached XP level 2. HP: 15/15 MP: 5/5
   746 | D:1      | Reached skill level 4 in Stealth
   837 | D:1      | Killed from afar by a dart slug

Illustrated notes

Levels and vault maps discovered:
D:1:      onia_arrival_pyramid, layout_basic, minmay_cut_off

Skill      XL: |  1  2 |
---------------+-------+-----
Short Blades   | 1 |  1.8
Stealth        | 4 |  4.0
Dodging        | |  1.5
Spellcasting   | |  2.0
Hexes          | |  2.6

Action                   || total
-------------------------++-------
Melee: Dagger            ||    88
  Use: Scroll            ||     2
 Stab: Sleeping          ||     5
Armor: Robe              ||    15
       Leather armour    ||    16
Dodge: Dodged            ||    47

Table legend: (Time is in decaauts)
 A = Elapsed time spent in this place.
 B = Non-inter-level travel time spent in this place.
 C = Inter-level travel time spent in this place.
 D = Time resting spent in this place.
 E = Time spent auto-exploring this place.
 F = Levels seen in this place.
 G = Mean time per level.
                   A        B        C        D        E       F      G
               +--------+--------+--------+--------+--------+-----+--------+
         Total |    831 |    776 |     55 |    237 |    362 |   1 |  831.0 |
       Dungeon |    831 |    776 |     55 |    237 |    362 |   1 |  831.0 |
               +--------+--------+--------+--------+--------+-----+--------+

Top non-repeatable levels by time:
     D:1: 831 daAuts
